 Dungeon Crawl Stone Soup version 0.31-a0-702-gf82c85558f (webtiles) character file.

Game seed: 12758964499154595617

2903 qw the Skirmisher (level 9, 0/58 HPs)
             Began as a Gargoyle Hunter on Sept 7, 2023.
             Was an Initiate of Okawaru.
             Slain by a wight
             ... wielding a +3 dire flail
              (10 damage)
             ... on level 8 of the Dungeon.
             The game lasted 00:02:36 (5407 turns).

qw the Skirmisher (Gargoyle Hunter)                 Turns: 5407, Time: 00:02:36

Health: 0/58       AC: 18    Str: 16    XL:     9   Next: 78%
Magic:  9/9        EV: 12    Int:  9    God:    Okawaru [......]
Gold:   440        SH:  0    Dex: 17    Spells: 8/8 levels left

rFire   . . .        Y - +1 orcbow
rCold   . . .        (shield currently unavailable)
rNeg    + . .        h - +1 ring mail {Will+}
rPois   inf          j - +0 helmet
rElec   +            n - +2 cloak {rPois}
rCorr   +            i - +0 pair of gloves
SInv    +            (no boots)
Will    +....        (no amulet)
Stlth   +            d - ring of see invisible
HPRegen 0.29/turn    l - ring of resist corrosion
MPRegen 0.11/turn

%: no passive effects
@: no status effects
A: sickness immunity, AC +6, negative energy resistance 1, electricity
resistance, torment resistance 1, petrification resistance
a: Renounce Religion


You were on level 8 of the Dungeon.
You worshipped Okawaru.
Okawaru was noncommittal.
You visited 2 branches of the dungeon, and saw 10 of its levels.

You collected 440 gold pieces.


Innate Abilities, Weirdness & Mutations

You are immune to sickness and miasma.
Your stone body is resilient. (AC +6)
You are immune to poison.
You resist negative energy. (rN+)
You are resistant to electric shocks. (rElec)
You are resistant to unholy torment.
You are immune to petrification.


   Skills:
 - Level 7.7 Fighting
 - Level 11.1 Ranged Weapons
 - Level 4.0 Armour
 + Level 2.7 Dodging
 - Level 1.1 Stealth


You had 8 spell levels left.
You didn't know any spells.
Your spell library was empty.

Inventory:

Hand Weapons
 Y - a +1 orcbow (weapon)
Armour
 h - a +1 ring mail of willpower (worn)
 i - a +0 pair of gloves (worn)
 j - a +0 helmet (worn)
 k - the +1 pair of boots of Decompression {Harm Dex-2 Stlth+}
   (You found it on level 7 of the Dungeon)

   Dex-2:     It affects your dexterity (-2).
   Harm:      It increases damage dealt and taken.
   Stlth+:    It makes you more stealthy.
 n - a +2 cloak of poison resistance (worn)
Jewellery
 d - a ring of see invisible (left hand)
 l - a ring of resist corrosion (right hand)
Wands
 p - a wand of digging (7)
Scrolls
 a - 2 scrolls of teleportation
 b - a scroll of identify
Potions
 c - a potion of mutation
 e - 2 potions of heal wounds
 f - a potion of might
 g - 2 potions of curing
 m - a potion of invisibility {unknown}
 o - a potion of enlightenment {unknown}
 r - a potion of haste {unknown}

Dungeon Overview and Level Annotations

Branches:
Dungeon (9/15)             Temple (1/1) D:7
   Lair: D:8-11         Orc: D:9-12

Altars:
Ashenzari
Cheibriados
Dithmenos
Elyvilon
Fedhas
Gozag
Hepliaklqana
Kikubaaqudgha
Makhleb
Nemelex Xobeh
Okawaru
Qazlal
Ru
Sif Muna
Trog
Uskayaw
Vehumet
Wu Jian
Xom
Yredelemnul
Zin


Message History

The arrow closely misses the orc priest.
An orc priest comes into view. It is wielding a +0 flail.
The orc priest barely misses you.
You shoot an arrow. The arrow hits the orc priest.
The orc priest is moderately wounded.
The wight hits you with a +3 dire flail.
The orc priest hits you with a +0 club.
You shoot an arrow. The arrow hits the orc priest.
The orc priest is moderately wounded.
The wight closely misses you.
The orc priest mumbles some strange prayers to Beogh against you.
Beogh smites you!
You shoot an arrow. The arrow barely misses the orc priest.
The wight closely misses you. The orc priest completely misses you.
You shoot an arrow.
The arrow closely misses the orc priest.
The wight hits you with a +3 dire flail.
A wight comes into view. It is wielding a +0 spear.
The orc priest hits you but does no damage.
5404 |||
Found retreat position at -1,0 (floor) with 0 blocking monsters and 2 monsters attacking at destination at distance 1
5404 ||| Stepping ~*~*~tactically~*~*~ (retreating).
The orc priest begins to cast a cantrip, but forgets the words!
An orc comes into view. It is wielding a +0 club.
You shoot an arrow. The arrow closely misses the wight.
The arrow hits the orc priest but does no damage.
The orc priest is moderately wounded.
The wight closely misses you.
You shoot an arrow.
The arrow hits the wight but does no damage.
The centaur shoots an arrow.
The arrow closely misses you. The wight hits you but does no damage.
The orc priest looks braver for a moment.
The centaur shoots an arrow.
The arrow hits you!
You shoot an arrow. The arrow closely misses the wight.
The arrow barely misses the orc priest.
The centaur shoots an arrow.
The arrow closely misses you. The wight hits you but does no damage.
The centaur shoots an arrow.
The arrow hits you!
The wight hits you with a +3 dire flail!
You die...

##### #>..+ .
#...# .. #...#
... ##..###
.... ##...####
....#
##..@zo#)....#
##.##z.......
#c..[###....
####o# .. #.#
#.. ###


You could see a centaur, 2 wights and an orc priest.

Vanquished Creatures
  An unseen horror (D:7)
  A kobold demonologist (D:9)
  A hornet (D:7)
  Grinder (D:4)
  Sigmund (D:4)
  A water moccasin (D:5)
  An ogre (D:6)
  2 centaurs
  A phantom (D:4)
  3 scorpions
  A wight (D:8)
  An electric eel (D:7)
  5 howler monkeys (D:7)
  A centaur zombie (D:4)
  4 hounds
  2 jellies
  3 orc priests
  2 sleepcaps
  Ijyb (D:5)
  6 orc wizards (D:5)
  Natasha (thrice) (D:4)
  4 iguanas
  Robin (D:3)
  3 gnolls (D:3)
  5 adders
  2 white imps (D:6)
  An ufetubus (D:4)
  2 adder zombies (D:4)
  A dart slug (D:5)
  17 orcs
  11 ball pythons
  7 endoplasms
  18 goblins
  4 hobgoblins
  2 jackals (D:4)
  4 quokkas
  5 bats
  3 frilled lizards
  3 kobolds
  4 rats
139 creatures vanquished.

Notes
Turn   | Place    | Note
-------+----------+-------------------------------------------
     0 | D:1      | qw the Gargoyle Hunter began the quest for the Orb.
     0 | D:1      | Reached XP level 1. HP: 12/12 MP: 1/1
     0 | D:1      | 0 ||| qw: Version: 0.3-a-76-g4403597
     0 | D:1      | 0 ||| qw: Game counter: 840
     0 | D:1      | 0 ||| qw: Melee chars always use a shield: true
     0 | D:1      | 0 ||| qw: God list: Okawaru
     0 | D:1      | 0 ||| qw: Allow faded altars: false
     0 | D:1      | 0 ||| qw: Do Orc after clearing Dungeon:15 true
     0 | D:1      | 0 ||| qw: Do second Lair branch before Depths: true
     0 | D:1      | 0 ||| qw: Lair rune preference: random
     0 | D:1      | 0 ||| qw: Goals: Normal
     0 | D:1      | 0 ||| PLANNING D:1-11
   140 | D:1      | Reached XP level 2. HP: 16/17 MP: 2/2
   458 | D:1      | 458 ||| UPGRADING to +0 pair of gloves.
   662 | D:1      | 662 ||| UPGRADING to ring of see invisible.
   663 | D:1      | 663 ||| READING scroll labelled COMNEI CEOHIQOU.
   664 | D:1      | 664 ||| READING scroll labelled WEGA XELATTEOHE.
   665 | D:1      | 665 ||| READING scroll labelled BORULL KUPI.
   666 | D:1      | 666 ||| READING scroll labelled MUATSE ZAEME.
   669 | D:1      | 669 ||| READING scroll labelled WIHIEMPEOTE.
   670 | D:1      | 670 ||| DROPPING scroll of butterflies.
   855 | D:2      | Reached XP level 3. HP: 21/21 MP: 3/3
  1096 | D:2      | Reached skill level 5 in Ranged Weapons
  1365 | D:2      | 1365 ||| UPGRADING to +0 ring mail.
  1375 | D:2      | 1375 ||| DROPPING +0 leather armour.
  1376 | D:2      | 1376 ||| UPGRADING to +1 ring mail of willpower.
  1386 | D:2      | 1386 ||| DROPPING +0 ring mail.
  1387 | D:2      | 1387 ||| DRINKING 3 yellow potions.
  1388 | D:2      | 1388 ||| READING 2 scrolls of identify.
  1388 | D:2      | 1388 ||| IDENTIFYING sedimented pink potion
  1557 | D:3      | 1557 ||| Stepping ~*~*~tactically~*~*~ (outnumbered).
  1559 | D:3      | Noticed Robin
  1567 | D:3      | Reached skill level 1 in Armour
  1582 | D:3      | Killed Robin
  1583 | D:3      | Reached skill level 3 in Fighting
  1583 | D:3      | Reached XP level 4. HP: 18/28 MP: 4/4
  1724 | D:3      | Found a radiant altar of Vehumet.
  2097 | D:3      | 2097 ||| RETREATING.
  2190 | D:3      | Found a blossoming altar of Fedhas.
  2387 | D:3      | 2387 ||| UPGRADING to +0 helmet.
  2392 | D:3      | 2392 ||| DROPPING ring of magical power.
  2393 | D:3      | 2393 ||| DROPPING +6 ring of intelligence.
  2394 | D:3      | 2394 ||| READING scroll labelled LYRREO YNAV.
  2468 | D:4      | Noticed Natasha
  2471 | D:4      | 2471 ||| Stepping ~*~*~tactically~*~*~ (outnumbered).
  2474 | D:4      | Killed Natasha
  2475 | D:4      | Reached XP level 5. HP: 26/32 MP: 5/5
  2527 | D:4      | Noticed Natasha
  2537 | D:4      | Killed Natasha
  2538 | D:4      | Reached skill level 6 in Ranged Weapons
  2736 | D:4      | Noticed a phantom
  2744 | D:4      | Killed a phantom
  2745 | D:4      | Reached XP level 6. HP: 38/39 MP: 6/6
  2762 | D:4      | Noticed Sigmund
  2770 | D:4      | Killed Sigmund
  2771 | D:4      | Reached skill level 7 in Ranged Weapons
  2849 | D:4      | Noticed Grinder
  2866 | D:4      | HP: 9/39 [Grinder (7)]
  2867 | D:4      | 2867 ||| READING 2 scrolls of teleportation.
  2868 | D:4      | 2868 ||| DRINKING 2 potions of heal wounds.
  2979 | D:4      | Killed Grinder
  2980 | D:4      | Reached XP level 7. HP: 44/44 MP: 7/7
  3119 | D:4      | 3119 ||| UPGRADING to +2 cloak of poison resistance.
  3243 | D:4      | Noticed Natasha
  3248 | D:4      | 3248 ||| Stepping ~*~*~tactically~*~*~ (retreating).
  3262 | D:4      | Killed Natasha
  3297 | D:4      | Found a sparkling altar of Nemelex Xobeh.
  3394 | D:4      | 3394 ||| UPGRADING to ring of resist corrosion.
  3395 | D:4      | 3395 ||| READING scroll labelled JURIRADIRE.
  3396 | D:4      | 3396 ||| READING 2 scrolls of identify.
  3396 | D:4      | 3396 ||| IDENTIFYING silvery potion
  3408 | D:5      | Entered Level 5 of the Dungeon
  3414 | D:5      | 3414 ||| STAIRDANCE
  3451 | D:5      | Reached skill level 8 in Ranged Weapons
  3451 | D:5      | Reached XP level 8. HP: 35/48 MP: 8/8
  3510 | D:5      | Found a stormy altar of Qazlal.
  3589 | D:5      | 3589 ||| Stepping ~*~*~tactically~*~*~ (outnumbered).
  3591 | D:5      | 3591 ||| Stepping ~*~*~tactically~*~*~ (outnumbered).
  3631 | D:5      | 3631 ||| Stepping ~*~*~tactically~*~*~ (outnumbered).
  3633 | D:5      | 3633 ||| Stepping ~*~*~tactically~*~*~ (outnumbered).
  3635 | D:5      | 3635 ||| Stepping ~*~*~tactically~*~*~ (outnumbered).
  3686 | D:5      | Noticed Ijyb
  3687 | D:5      | 3687 ||| Stepping ~*~*~tactically~*~*~ (outnumbered).
  3702 | D:5      | Killed Ijyb
  3782 | D:5      | Reached skill level 9 in Ranged Weapons
  3784 | D:5      | 3784 ||| Stepping ~*~*~tactically~*~*~ (outnumbered).
  3787 | D:5      | 3787 ||| RETREATING.
  3811 | D:5      | 3811 ||| DRINKING 3 potions of curing.
  3811 | D:5      | 3811 ||| (to cure confusion)
  3996 | D:5      | Reached skill level 6 in Fighting
  4082 | D:5      | 4082 ||| READING scroll labelled UTOMYA EXEDESOOG.
  4083 | D:5      | 4083 ||| READING 2 scrolls of identify.
  4083 | D:5      | 4083 ||| IDENTIFYING bubbling blue potion
  4117 | D:6      | Found an opulent altar of Gozag.
  4297 | D:6      | 4297 ||| SWAPPING to +0 orcbow.
  4300 | D:6      | 4300 ||| DROPPING +1 shortbow.
  4383 | D:6      | Reached XP level 9. HP: 55/55 MP: 9/9
  4455 | D:6      | 4455 ||| READING scroll of enchant weapon.
  4455 | D:6      | 4455 ||| ENCHANTING +0 orcbow.
  4589 | D:6      | 4589 ||| READING scroll labelled UKLUFE XUYTOA.
  4590 | D:6      | 4590 ||| READING 2 scrolls of identify.
  4590 | D:6      | 4590 ||| IDENTIFYING purple potion
  4591 | D:6      | 4591 ||| DROPPING potion of ambrosia.
  4622 | D:7      | Reached skill level 10 in Ranged Weapons
  4631 | D:7      | 4631 ||| Stepping ~*~*~tactically~*~*~ (retreating).
  4636 | D:7      | 4636 ||| Stepping ~*~*~tactically~*~*~ (retreating).
  4649 | D:7      | Noticed an unseen horror
  4667 | D:7      | Killed an unseen horror
  4706 | D:7      | 4706 ||| FLEEEEING.
  4707 | D:7      | 4707 ||| STAIRDANCE
  4766 | D:7      | Found a bloodstained altar of Trog.
  4822 | D:7      | Identified the +1 pair of boots of Decompression {Harm
                  | Dex-2 Stlth+}
  4827 | D:7      | Noticed a hornet
  4837 | D:7      | Killed a hornet
  4962 | D:7      | Found a staircase to the Ecumenical Temple.
  4963 | D:7      | 4963 ||| PLANNING TEMPLE
  4971 | Temple   | Entered the Ecumenical Temple
  4972 | Temple   | 4972 ||| PLANNING OKAWARU WORSHIP
  4993 | Temple   | Became a worshipper of Warmaster Okawaru
  4994 | Temple   | 4994 ||| PLANNING D:1-11
  5025 | D:7      | Found a basalt altar of Yredelemnul.
  5181 | D:7      | You fall into a shaft and drop 2 floors!
  5181 | D:9      | Found an ancient bone altar of Kikubaaqudgha.
  5245 | D:9      | Noticed a kobold demonologist
  5256 | D:9      | 5256 ||| Stepping ~*~*~tactically~*~*~ (retreating).
  5257 | D:9      | 5257 ||| Stepping ~*~*~tactically~*~*~ (retreating).
  5269 | D:9      | Killed a kobold demonologist
  5270 | D:9      | Reached skill level 11 in Ranged Weapons
  5396 | D:8      | 5396 ||| Stepping ~*~*~tactically~*~*~ (outnumbered).
  5404 | D:8      | 5404 ||| Stepping ~*~*~tactically~*~*~ (retreating).
  5407 | D:8      | HP: 10/58 [centaur/arrow (10)]
  5407 | D:8      | Slain by a wight

Levels and vault maps discovered:
D:1:      minmay_arrival_plants_in_alcoves, layout_rooms, nicolae_eternal_life
D:2:      layout_basic
D:3:      layout_basic, mainiacjoe_overflow_24_doors, fedhas_altar_4, uniq_robin
D:4:      cheibrodos_greedy_goblins, layout_loops_cross,
          nemelex_diamond_rough_becter, serial_undead, serial_undead_c,
          serial_undead_a, serial_undead_e, serial_undead_a, uniq_grinder,
          uniq_natasha, uniq_sigmund
D:5:      layout_rooms, nicolae_qazlal_general_emergency, uniq_ijyb
D:6:      layout_rooms, grunt_gozag_breadcrumbs, chequers_avenue
D:7:      layout_rooms, mainiacjoe_overflow_large_starburst,
          minmay_temple_entry_statues_pillars, nrook_campfire,
          serial_bayou_ford_a, nicolae_concentric_dashed_squares_mild,
          nicolae_twisty_statue_hallways
D:8:      layout_basic, uniq_jeremiah
D:9:      layout_long_grid, nicolae_tso_swordbearing_angel,
          nicolae_kikubaaqudgha_miasma_corner
Temple:   nicolae_temple_figure_eight

Skill      XL: |  1  2  3  4  5  6  7  8  9 |
---------------+----------------------------+-----
Ranged Weapons | 5 6 7 8 9 11 | 11.1
Armour         | 1 4 |  4.0
Fighting       | 3 4 6 7 |  7.7
Dodging        | 2 |  2.7
Stealth        | |  1.1

Action                     |  1- 3 |  4- 6 |  7- 9 || total
---------------------------+-------+-------+-------++-------
   Fire: Shortbow          |   106 |   124 |   268 ||   498
         Orcbow            |       |       |   155 ||   155
    Use: Scroll            |     6 |     2 |     7 ||    15
         Potion            |     1 |     1 |     1 ||     3
 Armour: Leather armour    |    16 |       |       ||    16
         Ring mail         |    16 |    48 |   282 ||   346
  Dodge: Dodged            |    40 |    42 |   186 ||   268

Table legend:
 A = Non-vault XP
 B = Vault XP
 C = Vault XP percentage of total XP
 D = Non-vault monster count
 E = Vault monster count
 F = Vault count percentage of total count
                 A         B        C        D         E       F
            +---------+---------+-------+---------+---------+-------
      Total |    3345 |     803 |  19.4 |     113 |      26 |  18.7
            +---------+---------+-------+---------+---------+-------
        D:1 |      21 |       0 |   0.0 |      15 |       0 |   0.0
        D:2 |      26 |       0 |   0.0 |      16 |       0 |   0.0
        D:3 |      48 |      34 |  41.5 |       8 |      11 |  57.9
        D:4 |     313 |     733 |  70.1 |      21 |      14 |  40.0
        D:5 |     836 |      36 |   4.1 |      21 |       1 |   4.5
        D:6 |     402 |       0 |   0.0 |       9 |       0 |   0.0
        D:7 |    1140 |       0 |   0.0 |      15 |       0 |   0.0
        D:8 |     117 |       0 |   0.0 |       3 |       0 |   0.0
        D:9 |     442 |       0 |   0.0 |       5 |       0 |   0.0
            +---------+---------+-------+---------+---------+-------
